 Dungeon Crawl Stone Soup version 0.21-a0-349-g0c35859 (webtiles) character file.

293514 Hasart the Bludgeoner (level 20, -1/162 HPs)
             Began as a Mummy Fighter on Oct 8, 2017.
             Was an Initiate of Gozag.
             Slain by Mennas
             ... wielding a +3 eudemon blade of holy wrath
              (7 damage)
             ... on level 4 of the Vaults.
             The game lasted 02:29:59 (51525 turns).

Hasart the Bludgeoner (Mummy Fighter)              Turns: 51525, Time: 02:30:00

Health: -1/162     AC: 25    Str: 33    XL:     20   Next: 35%
Magic:  27/27      EV: 16    Int: 13    God:    Gozag
Gold:   5197       SH: 14    Dex: 14    Spells: 41/43 levels left

rFire    + + .     SeeInvis +   E - +5 eveningstar (flame)
rCold    + + .     Gourm    .   u - +1 shield {rF+}
rNeg     + + +     Faith    .   t - +9 scale mail of Limitation {MP-9 Int+3 Stlth+}
rPois    ∞         Spirit   .   r - +3 crown of Dyrovepreva {rElec Int+2 SInv}
rElec    +         Reflect  .   V - scarf of Isamucw {*Drain +Inv Slay+3}
rCorr    +         Harm     .   W - +2 pair of gloves {Dex+3}
MR       ++...                  y - +0 pair of boots of the Shore {+Inv rF+ Stlth-}
Stlth    +.........             X - amulet of regeneration
HPRegen  0.77/turn              m - ring of Shadows {Umbra +Inv Stlth+}
MPRegen  0.20/turn              z - +4 ring of slaying

@: mighty, about to teleport, resistant, hasted, studying Necromancy, very quick
A: no food or potions, fire vulnerability, cold resistance 1, negative energy
resistance 3, torment resistance, unbreathing, in touch with death 1
}: 1/15 runes: barnacled
a: Potion Petition, Call Merchant, Bribe Branch, Renounce Religion, Evoke
Invisibility


You were on level 4 of the Vaults.
You worshipped Gozag.
Gozag was greatly pleased with you.
You were not hungry.

You visited 6 branches of the dungeon, and saw 32 of its levels.
You visited the Abyss 1 time.
You also visited: Labyrinth and Bailey.

You collected 17130 gold pieces.
You spent 5333 gold pieces at shops.
You paid 6600 gold pieces to Gozag.

Inventory:

Hand Weapons
 E - a +5 eveningstar of flaming (weapon)
 I - the +4 demon whip "Zeteurgh" {elec, Dex+2}
   (You bought it in a shop on level 2 of the Lair of Beasts)

   Occasionally, upon striking a foe, it will discharge some electrical energy
   and cause terrible harm.
   It affects your dexterity (+2).
Missiles
 B - 24 javelins of penetration
 G - 19 silver javelins
 J - 68 javelins (quivered)
 L - 8 throwing nets
Armour
 f - a +0 shield of reflection
 r - the +3 crown of Dyrovepreva (worn) {rElec Int+2 SInv}
   (You bought it in a shop on level 2 of the Orcish Mines)

   It affects your intelligence (+2).
   It insulates you from electricity.
   It lets you see invisible.
 t - the +9 scale mail of Limitation (worn) {MP-9 Int+3 Stlth+}
   (You bought it in a shop on level 2 of the Orcish Mines)

   It affects your intelligence (+3).
   It affects your magic capacity (-9).
   It makes you more stealthy.
 u - a +1 shield of fire resistance (worn)
 y - the +0 pair of boots of the Shore (worn) {+Inv rF+ Stlth-}
   (You bought it in a shop on level 2 of the Lair of Beasts)

   It protects you from fire.
   It lets you turn invisible.
   It makes you less stealthy.
 M - a +0 large shield
 V - the scarf of Isamucw (worn) {*Drain +Inv Slay+3}
   (You found it in a labyrinth)

   It affects your accuracy and damage with ranged weapons and melee attacks
   (+3).
   It lets you turn invisible.
   It causes draining when unequipped.
 W - a +2 pair of gloves of dexterity (worn)
Jewellery
 k - a +4 ring of protection
 m - the ring of Shadows (left hand) {Umbra +Inv Stlth+}
   (You bought it in a shop on level 7 of the Dungeon)

   [ring of stealth]

   It lets you turn invisible.
   It makes you more stealthy.
 q - an uncursed ring of fire
 z - a +4 ring of slaying (right hand)
 U - an uncursed ring of resist corrosion
 X - an amulet of regeneration (around neck)
Wands
 j - a wand of lightning (0/15)
 p - a wand of lightning (4/15)
 s - a wand of lightning (10/15)
 w - a wand of paralysis (14/24)
 x - a wand of iceblast (7/15)
 C - a wand of scattershot (7/9)
 D - a wand of digging (16/24)
 R - a wand of iceblast (6/15)
 T - a wand of acid (7/15)
Scrolls
 b - 3 scrolls of fog
 c - a scroll of brand weapon {unknown}
 d - 35 scrolls of identify
 e - 8 scrolls of teleportation
 h - 3 scrolls of blinking
 i - 21 scrolls of remove curse
 n - 2 scrolls of amnesia
 A - 3 scrolls of torment
 F - 5 scrolls of magic mapping
Books
 g - a manual of Necromancy
 l - a book of Summonings

   Spells                             Type                      Level
   a - Recall                         Summoning/Translocation      3
   b - Aura of Abjuration             Summoning                    5
   c - Summon Demon                   Summoning                    5
   d - Summon Forest                  Summoning/Translocation      5
   e - Summon Mana Viper              Hexes/Summoning              5
   f - Shadow Creatures               Summoning                    6
Miscellaneous
 a - a fan of gales
 H - a phial of floods


   Skills:
 + Level 15.3 Fighting
 + Level 16.1 Maces & Flails
 - Level 6.7 Throwing
 + Level 10.5 Armour
 + Level 10.2 Dodging
 + Level 10.5 Shields
 + Level 12.2 Spellcasting
 - Level 6.0 Charms
 - Level 6.0 Air Magic
 + Level 10.7 Evocations


You had 41 spell levels left.
You knew the following spells:

 Your Spells              Type           Power        Failure   Level  Hunger
a - Swiftness             Chrm/Air       ###.....     3%          2    N/A

Dungeon Overview and Level Annotations

Branches:
Dungeon (15/15)            Temple (0/1) D:4            Lair (6/6) D:9
 Shoals (4/4) Lair:3       Spider (0/4) Lair:2        Slime (0/5) Lair:6
    Orc (2/2) D:9             Elf (0/3) Orc:2        Vaults (4/5) D:13
  Crypt (0/3) Vaults:3     Depths (1/5) D:15

Altars:
Cheibriados
Dithmenos
Gozag
Hepliaklqana
Makhleb
Nemelex Xobeh
Ru
Trog
Uskayaw
Vehumet
Wu Jian
Xom
Zin

Shops:
D:7 =   Orc:2 !(([=   Lair:2 (=[   Vaults:1 ?   Vaults:2 =   Vaults:3 [
Depths:1 *

Portals:
Ziggurat: Depths:1

Annotations:
Lair:6 exclusion: oklob plant
Vaults:4 Mennas


Innate Abilities, Weirdness & Mutations

You do not eat or drink.
Your flesh is vulnerable to fire.
You are immune to poison.
Your flesh is cold resistant. (rC+)
You are immune to negative energy. (rN+++)
You are immune to unholy pain and torment.
You can survive without breathing.
You are in touch with the powers of death.


Message History

Mennas is severely wounded.
Mennas blocks your attack.
Mennas is severely wounded.
Mennas hits you with an eudemon blade of holy wrath!
* * * LOW HITPOINT WARNING * * *
You convulse.
* * * LOW HITPOINT WARNING * * *
Mennas hits you with an eudemon blade of holy wrath!!
* * * LOW HITPOINT WARNING * * *
You convulse!
* * * LOW HITPOINT WARNING * * *
Mennas becomes audible again.
Mennas gestures frantically.
Mennas is healed somewhat.
There is an open door here.
As you read the scroll of teleportation, it crumbles to dust.
You feel strangely unstable.
Mennas hits you with an eudemon blade of holy wrath!
You die...
Your body crumbles into a pile of gold.

#.##.# #.....## #...
####'####.....## #...
#......###.....####'# .≈ $
#......# ##.....##... ≈.≈...
#......# ##.....'... ........#
#......# ##..>)#... #'#########
#......# ##...#... #.........#
#......# #####... '.........#
#...@..# #...
#......(..#######A###############
#.......(.'....A.................
#.........'......................
'.........#......................
###########......................
### #...................... ..#
#.....################# ..#
#.....# ########


You could see Mennas.

Vanquished Creatures
  Boris (Vaults:3)
  Saint Roka (Orc:1)
  A lich (Vaults:4)
  A titan (Vaults:4)
  Polyphemus (Shoals:3)
  A kraken (Shoals:2)
  A sphinx (Vaults:4)
  2 tengu reavers
  A fire giant (Vaults:4)
  Donald (Vaults:3)
  Ilsuiw (Shoals:4)
  Louise (Shoals:3)
  3 frost giants
  14 vault wardens
  2 deep elf sorcerers
  6 very ugly things
  13 ironheart preservers
  5 stone giants
  A vampire knight (Vaults:3)
  An entropy weaver (Vaults:2)
  3 deep elf annihilators (Vaults:1)
  A dire elephant (Lair:6)
  Snorg (Orc:2)
  An eidolon (Vaults:3)
  2 deep elf death magi (Vaults:1)
  9 merfolk javelineers
  An ettin (Vaults:1)
  A minotaur (Lab)
  2 fire dragons
  10 merfolk impalers
  6 yaktaur captains
  10 vault guards
  Josephine (Orc:2)
  6 ice dragons
  13 ogre magi
  A great orb of eyes (Vaults:2)
  6 hydras
  A rakshasa (Vaults:2)
  Harold (Lair:2)
  7 merfolk avatars
  2 catoblepae
  A death knight (D:11)
  9 centaur warriors
  Erica (D:8)
  3 tengu warriors
  An alligator snapping turtle (Shoals:3)
  2 deep troll shamans (Vaults:4)
  2 alligators (Lair:4)
  5 merfolk aquamancers
  A queen ant (Lair:2)
  2 satyrs
  42 two-headed ogres
  An orc high priest (D:9)
  2 death yaks (Shoals:3)
  2 sun demons (Depths:1)
  Sonja (Lair:2)
  An iron troll (D:13)
  A shadow wraith (D:13)
  2 fire crabs (Shoals:4)
  4 deep elf knights
  4 unseen horrors
  3 deep trolls
  A swamp dragon (Lair:4)
  7 sea snakes
  4 deep elf archers
  A tengu zombie (Vaults:4)
  A glowing orange brain (Vaults:2)
  3 lindwurms
  Pikel (D:8)
  4 wizards
  11 harpies
  12 ironbrand convokers
  22 deep elf magi
  16 orc knights
  3 necromancers
  8 fauns
  2 wolf spiders
  28 ugly things
  6 orc sorcerers
  A stone giant zombie (Vaults:4)
  7 cyclopes
  17 manticores
  A frost giant skeleton (Vaults:4)
  12 merfolk sirens
  10 elephants
  Maurice (D:8)
  2 black mambas
  Joseph (D:8)
  12 vault sentinels
  6 water nymphs
  19 spiny frogs
  7 rime drakes
  An efreet (D:14)
  A gargoyle (D:15)
  8 komodo dragons
  A torpor snail (Lair:4)
  46 yaktaurs
  5 freezing wraiths
  2 queen bees
  2 tengu conjurers
  A queen bee (shapeshifter) (Vaults:1)
  5 trolls
  A meliai (shapeshifter) (Vaults:4)
  A jumping spider (Lair:2)
  40 merfolk
  3 meliai (D:15)
  3 hornets
  6 wind drakes
  12 dream sheep
  26 blink frogs
  8 slime creatures
  19 hippogriffs
  7 snapping turtles
  A fire giant simulacrum (Vaults:4)
  2 redbacks (Lair:2)
  A spriggan (shapeshifter) (Vaults:3)
  Sigmund (D:5)
  2 shadows
  12 water elementals
  47 yaks
  A fire bat (shapeshifter) (Vaults:3)
  6 wraiths
  2 fire bats (Shoals:4)
  A yak (shapeshifter) (Vaults:3)
  3 hungry ghosts (D:7)
  5 wyverns
  A golden eye (shapeshifter) (Vaults:2)
  9 basilisks
  A basilisk (shapeshifter) (Vaults:3)
  A yaktaur simulacrum (Vaults:3)
  2 wargs
  9 soldier ants
  Duvessa (D:6)
  2 hell hounds (Lair:3)
  11 water moccasins
  The ghost of Furikabute the Conjurer, an amateur DECj (D:4)
  2 swamp worms (Lair:4)
  3 acid dragons (Vaults:2)
  13 porcupines
  A swamp drake (Lair:4)
  A black bear (D:8)
  3 slaves (D:8)
  An eye of draining (D:9)
  A phantom (D:8)
  6 sky beasts
  An ettin simulacrum (Vaults:3)
  62 orc warriors
  3 ice beasts
  33 ogres
  2 boggarts (Vaults:2)
  41 centaurs
  14 wolves
  2 human skeletons (Vaults:4)
  A crocodile (shapeshifter) (Vaults:2)
  21 crocodiles
  3 big kobolds
  12 bullfrogs
  Dowan (D:6)
  A wyvern skeleton (D:10)
  6 scorpions
  48 killer bees
  3 wights (D:14)
  6 howler monkeys
  An electric eel (Vaults:4)
  16 crimson imps
  2 bullfrog zombies (D:5)
  2 quasits
  4 centaur zombies
  A human simulacrum (Vaults:4)
  3 hounds
  6 jellies
  17 orc priests
  4 gnoll shamans
  A bullfrog skeleton (D:11)
  8 centaur skeletons
  2 iguanas
  Ijyb (D:4)
  24 orc wizards
  24 worker ants
  A hound zombie (D:11)
  2 worker ant zombies
  30 gnolls
  A gnoll zombie (D:4)
  A howler monkey skeleton (D:4)
  10 adders
  An orc zombie (D:4)
  3 river rats (D:5)
  An adder zombie (D:6)
  An adder skeleton (D:9)
  2 dart slugs
  8 leopard geckos
  128 orcs
  7 giant cockroaches
  13 goblins
  6 hobgoblins
  8 jackals
  4 quokkas
  A ball python (D:2)
  8 bats
  6 frilled lizards
  A giant cockroach zombie (D:5)
  10 kobolds
  A quokka zombie (D:10)
  4 rats
  A bush (Shoals:2)
  4 tentacles (Shoals:2)
1449 creatures vanquished.

Vanquished Creatures (others)
  A deep elf sorcerer (Vaults:2)
  A vault warden (Vaults:2)
  An ironheart preserver (Vaults:2)
  2 merfolk impalers (Shoals:4)
  2 merfolk aquamancers (Shoals:4)
  A phantasmal warrior (Vaults:3)
  2 harpies (Vaults:2)
  A wolf spider (Vaults:4)
  2 ugly things (Vaults:4)
  A black mamba (Lair:6)
  A vault sentinel (Vaults:2)
  2 yaktaurs
  An orc warrior (Orc:2)
  An ogre (D:15)
  A boggart (Vaults:2)
  A centaur (Vaults:2)
  A howler monkey (D:8)
  An orc priest (Orc:2)
  An orc wizard (Orc:2)
  A shadow imp (D:15)
  2 orcs
  A jackal (D:8)
  11 fungi
  19 plants
  8 tentacles
66 creatures vanquished.

Grand Total: 1515 creatures vanquished

Notes
Turn   | Place    | Note
-------+----------+-------------------------------------------
     0 | D:1      | Hasart the Mummy Fighter began the quest for the Orb.
     0 | D:1      | Reached XP level 1. HP: 18/18 MP: 1/1
   198 | D:1      | Reached skill level 2 in Maces & Flails
   398 | D:1      | Reached XP level 2. HP: 19/24 MP: 2/2
   942 | D:2      | Reached XP level 3. HP: 10/29 MP: 3/3
  1262 | D:2      | Reached skill level 3 in Maces & Flails
  1483 | D:2      | Found a sacrificial altar of Ru.
  1483 | D:2      | Found a hide-covered altar of Uskayaw.
  1484 | D:2      | Found a hazy altar of Hepliaklqana.
  2014 | D:3      | Found an opulent altar of Gozag.
  2022 | D:3      | Became a worshipper of Gozag Ym Sagoz the Greedy
  2108 | D:2      | Reached skill level 1 in Throwing
  2108 | D:2      | Reached XP level 4. HP: 26/35 MP: 4/4
  2948 | D:3      | Reached XP level 5. HP: 34/41 MP: 5/5
  3009 | D:4      | Found a transporter.
  3084 | D:4      | Reached skill level 4 in Maces & Flails
  3225 | D:4      | Noticed an ogre
  3234 | D:4      | Killed an ogre
  3234 | D:4      | Reached XP level 6. HP: 19/47 MP: 6/6
  3498 | D:4      | Noticed Ijyb
  3510 | D:4      | Noticed Furikabute's ghost (amateur DECj)
  4372 | D:4      | Found a staircase to the Ecumenical Temple.
  4749 | D:2      | Reached skill level 5 in Maces & Flails
  5107 | D:3      | Reached XP level 7. HP: 24/52 MP: 7/7
  5360 | D:4      | Found a radiant altar of Vehumet.
  5402 | D:4      | Found a transporter.
  5457 | D:5      | Entered Level 5 of the Dungeon
  5599 | D:5      | Noticed Sigmund
  5804 | D:5      | Killed Sigmund
  5804 | D:5      | Reached skill level 6 in Maces & Flails
  5849 | D:5      | Found a bloodstained altar of Trog.
  6029 | D:5      | Found a sparkling altar of Nemelex Xobeh.
  6114 | D:5      | Reached skill level 1 in Evocations
  6746 | D:6      | Noticed Dowan
  6749 | D:6      | Noticed Duvessa
  6830 | D:6      | Killed Duvessa
  6830 | D:6      | Reached skill level 7 in Maces & Flails
  6830 | D:6      | Reached XP level 8. HP: 47/58 MP: 9/9
  7324 | D:5      | HP: 1/58 [orc warrior/mace (15)]
  7348 | D:4      | Killed Ijyb
  7639 | D:4      | Killed Furikabute's ghost
  7684 | D:4      | Found a shimmering altar of Xom.
  8062 | D:6      | Reached skill level 8 in Maces & Flails
  8365 | D:6      | Reached XP level 9. HP: 52/63 MP: 11/11
  8450 | D:6      | Found a burning altar of Makhleb.
  8678 | D:6      | Killed Dowan
  8918 | D:7      | Found an ornate altar of the Wu Jian Council.
  9008 | D:7      | Found a shadowy altar of Dithmenos.
  9033 | D:7      | Reached skill level 1 in Dodging
  9053 | D:7      | Bought the ring of Shadows {Umbra +Inv Stlth+} for 480 gold pieces
  9053 | D:7      | Found the ring of Shadows {Umbra +Inv Stlth+}
  9119 | D:7      | Found a snail-covered altar of Cheibriados.
  9587 | D:8      | Noticed Joseph
  9589 | D:8      | Noticed Maurice
  9622 | D:7      | Reached skill level 9 in Maces & Flails
  9852 | D:8      | Reached skill level 5 in Evocations
 10124 | D:8      | Noticed a two-headed ogre
 10170 | D:8      | Killed a two-headed ogre
 10170 | D:8      | Reached XP level 10. HP: 45/73 MP: 14/14
 10365 | D:8      | Noticed Pikel
 10397 | D:8      | Killed Pikel
 10397 | D:8      | Reached skill level 5 in Fighting
 10761 | D:8      | HP: 2/74 [worker ant (4)]
 10773 | D:8      | Killed Maurice
 11027 | D:8      | Noticed Erica
 11106 | D:8      | Killed Erica
 12268 | D:8      | Killed Joseph
 12636 | D:9      | Found a staircase to the Lair.
 12694 | D:9      | Reached XP level 11. HP: 50/83 MP: 16/16
 13322 | D:9      | Found a staircase to the Orcish Mines.
 13451 | D:9      | Identified a scroll of acquirement
 13721 | D:9      | Found a glowing silver altar of Zin.
 14170 | D:9      | Reached skill level 10 in Maces & Flails
 14241 | D:9      | Noticed a centaur warrior
 14262 | D:9      | Killed a centaur warrior
 14658 | Orc:1    | Entered Level 1 of the Orcish Mines
 14658 | Orc:1    | Noticed a two-headed ogre
 14691 | Lair:1   | Entered Level 1 of the Lair of Beasts
 15799 | Lair:2   | Noticed a seven-headed hydra
 15802 | Lair:2   | Noticed Harold
 16162 | Orc:1    | Noticed an orc high priest
 16508 | D:9      | Killed a two-headed ogre
 16684 | Lair:2   | Killed Harold
 17131 | D:10     | Entered Level 10 of the Dungeon
 17353 | D:10     | Noticed a two-headed ogre
 17374 | D:10     | Killed a two-headed ogre
 17498 | Lair:2   | Bought the +4 demon whip "Zeteurgh" {elec, Dex+2} for 1099 gold pieces
 17520 | Lair:2   | Killed a seven-headed hydra
 17586 | Lair:2   | Reached XP level 12. HP: 90/91 MP: 18/18
 17688 | Lair:2   | Noticed Sonja
 17977 | Lair:3   | Reached skill level 5 in Shields
 18078 | Lair:2   | Reached skill level 5 in Armour
 18169 | Lair:2   | Killed Sonja
 18444 | Lair:2   | Reached skill level 11 in Maces & Flails
 18942 | Lair:2   | Found a hole to the Spider Nest.
 19248 | Lair:2   | Reached skill level 5 in Dodging
 19583 | Lair:2   | Noticed a queen ant
 19622 | Lair:2   | Killed a queen ant
 19647 | Lair:2   | Gained mutation: You are in touch with the powers of death. [Mummy growth]
 19647 | Lair:2   | Reached XP level 13. HP: 96/99 MP: 19/19
 20470 | Lair:3   | Found a staircase to the Shoals.
 21676 | Lair:4   | Reached skill level 12 in Maces & Flails
 22272 | Lair:5   | Identified Theurgy for Absolute Beginners
 23294 | Lair:6   | Entered Level 6 of the Lair of Beasts
 23388 | Lair:6   | Found a labyrinth entrance.
 23520 | Lab      | Entered a labyrinth
 23856 | Lab      | Noticed a minotaur
 23867 | Lab      | Killed a minotaur
 23867 | Lab      | Reached XP level 14. HP: 86/109 MP: 17/20
 23876 | Lab      | Got a faintly glowing scarf
 23887 | Lab      | Identified the scarf of Isamucw {*Drain +Inv Slay+3} (You found it in a labyrinth)
 24525 | Lair:6   | Reached skill level 10 in Fighting
 26039 | Orc:2    | Entered Level 2 of the Orcish Mines
 26044 | Orc:2    | Found Kiybrih's Distillery.
 26067 | Orc:2    | Reached skill level 13 in Maces & Flails
 26321 | Orc:2    | Noticed a stone giant
 26404 | Orc:2    | Killed a stone giant
 26426 | Orc:2    | Noticed Josephine
 26782 | Orc:2    | Killed Josephine
 26857 | Orc:2    | Noticed Snorg
 26874 | Orc:2    | Noticed Saint Roka
 27095 | Orc:2    | Killed Snorg
 27958 | Orc:1    | Killed Saint Roka
 28386 | Orc:2    | Found a staircase to the Elven Halls.
 28621 | Orc:2    | Found Yzxoticy's Antique Weapon Emporium.
 28621 | Orc:2    | Found Puwirak's Antique Armour Shop.
 28623 | Orc:2    | Found Wufoschue's Jewellery Boutique.
 28625 | Orc:2    | Found Ejoinun's Weapon Shoppe.
 28642 | Orc:2    | Bought a diamond-encrusted ring mail for 252 gold pieces
 28642 | Orc:2    | Bought the +3 crown of Dyrovepreva {rElec Int+2 SInv} for 1159 gold pieces
 28642 | Orc:2    | Found the +3 crown of Dyrovepreva {rElec Int+2 SInv}
 28642 | Orc:2    | Bought a faintly humming scale mail for 252 gold pieces
 28644 | Orc:2    | Bought an uncursed amulet of regeneration for 510 gold pieces
 28664 | Orc:2    | Identified the cursed +0 ring mail of the Planets {+Fly rPois rCorr Stlth+} (You bought it in a shop on level 2 of the Orcish Mines)
 28675 | Orc:2    | Identified the +9 scale mail of Limitation {MP-9 Int+3 Stlth+} (You bought it in a shop on level 2 of the Orcish Mines)
 29508 | D:11     | Reached skill level 1 in Spellcasting
 29632 | D:11     | Reached XP level 15. HP: 117/117 MP: 12/21
 29692 | D:11     | Found a flagged portal.
 29741 | Bailey   | Entered a bailey
 29955 | Bailey   | Found the +15 Maxwell's patent armour {-Cast -Tele rElec MR+ rCorr}
 30975 | D:12     | Got a crystal war axe
 30976 | D:12     | Identified the +1 war axe of Doom {flame, Fragile rF+ Str+3 Int+3} (You found it on level 12 of the Dungeon)
 31598 | Lair:2   | Bought a pair of translucent boots for 266 gold pieces
 31598 | Lair:2   | Bought a pair of smoking gloves for 266 gold pieces
 31608 | Lair:2   | Identified the +1 pair of gloves of the Armoured One {rPois rC+} (You bought it in a shop on level 2 of the Lair of Beasts)
 31618 | Lair:2   | Identified the +0 pair of boots of the Shore {+Inv rF+ Stlth-} (You bought it in a shop on level 2 of the Lair of Beasts)
 32154 | Lair:2   | Bought a smoking plate armour for 784 gold pieces
 32164 | Lair:2   | Identified the cursed +1 plate armour of Inference {rElec MR+} (You bought it in a shop on level 2 of the Lair of Beasts)
 32524 | D:13     | Found a gate to the Vaults.
 33805 | D:15     | Entered Level 15 of the Dungeon
 34778 | D:15     | Reached skill level 14 in Maces & Flails
 34778 | D:15     | Reached XP level 16. HP: 127/127 MP: 13/22
 34808 | D:15     | Paralysed by an ogre mage for 7 turns
 35145 | D:15     | Found a staircase to the Depths.
 35228 | Depths:1 | Entered Level 1 of the Depths
 35313 | Depths:1 | Found Beom's Changing Room.
 35332 | Depths:1 | Found a gateway to a ziggurat.
 36113 | Shoals:1 | Entered Level 1 of the Shoals
 37237 | Shoals:2 | Reached skill level 10 in Armour
 37328 | Shoals:2 | Learned a level 2 spell: Swiftness
 37497 | Shoals:2 | Reached skill level 10 in Shields
 38292 | Shoals:2 | Noticed a kraken
 38315 | Shoals:2 | Killed a kraken
 38929 | Shoals:3 | Reached XP level 17. HP: 135/135 MP: 14/23
 38967 | Shoals:3 | Noticed Louise
 38987 | Shoals:3 | Killed Louise
 39217 | Shoals:3 | Noticed Polyphemus
 39258 | Shoals:3 | Killed Polyphemus
 39912 | Shoals:4 | Entered Level 4 of the Shoals
 39958 | Shoals:4 | Reached skill level 10 in Dodging
 40692 | Shoals:4 | Reached skill level 5 in Spellcasting
 41495 | Shoals:4 | Got a barnacled rune of Zot
 41590 | Shoals:4 | Reached skill level 5 in Throwing
 41631 | Shoals:4 | Noticed Ilsuiw
 41681 | Shoals:4 | Killed Ilsuiw
 41908 | Shoals:4 | Found the +8 Wrath of Trog {antimagic, *Rage}
 41921 | Shoals:4 | Cast into level 2 of the Abyss (merfolk javelineer)
 41931 | Abyss:2  | Noticed a kraken
 41941 | Shoals:4 | Escaped the Abyss
 42629 | Vaults:1 | Entered Level 1 of the Vaults
 42866 | Vaults:1 | Reached skill level 15 in Maces & Flails
 43159 | Vaults:1 | Reached XP level 18. HP: 144/144 MP: 18/29
 43998 | Vaults:1 | Found Itiofef's Magic Scroll Emporium.
 44052 | Vaults:1 | Bought a scroll of blinking for 142 gold pieces
 44052 | Vaults:1 | Bought a scroll of teleportation for 57 gold pieces
 44052 | Vaults:1 | Bought a scroll of magic mapping for 66 gold pieces
 44582 | Vaults:2 | Reached skill level 1 in Air Magic
 44635 | Vaults:2 | Reached skill level 1 in Charms
 45791 | Vaults:2 | Reached skill level 10 in Spellcasting
 46148 | Vaults:2 | Reached XP level 19. HP: 130/153 MP: 24/33
 47049 | Vaults:2 | Found Axitziaf's Jewellery Shop.
 47365 | Vaults:3 | Found a staircase to the Crypt.
 47424 | Vaults:3 | Noticed Mennas
 47796 | Vaults:3 | Reached skill level 10 in Evocations
 48160 | Vaults:3 | Noticed Boris
 48212 | Vaults:3 | Killed Boris
 48520 | Vaults:3 | Found Sucawoc's Antique Armour Shoppe.
 49270 | Vaults:3 | Noticed Donald
 49273 | Vaults:3 | Reached skill level 5 in Air Magic
 49290 | Vaults:3 | Killed Donald
 49290 | Vaults:3 | Reached skill level 5 in Charms
 49546 | Vaults:4 | Reached skill level 15 in Fighting
 50045 | Vaults:4 | Reached skill level 16 in Maces & Flails
 50109 | Vaults:4 | Reached XP level 20. HP: 162/162 MP: 26/35
 51518 | Vaults:4 | HP: 2/162 [Mennas/eudemon blade of holy wrath (17)]
 51525 | Vaults:4 | Slain by Mennas

Vault maps used:
D:1:      onia_arrival_pyramid
D:2:      gammafunk_temple_overflow_claw, first_bread
D:3:      grunt_gozag_statues, corner_web_ring
D:4:      gammafunk_cloud_chamber, lemuel_doored_altar, kennysheep_mini,
          minmay_temple_entry_hall, uniq_ijyb
D:5:      wad_woods_settlement, lemuel_coloured_pillars_altar, bloody_trog,
          grunt_decor_arrowhead, hangedman_decor_points, moated_statue,
          uniq_sigmund
D:6:      kennysheep_mini_moat, uniq_duvessa
D:7:      overflow_temple_1_default, nicolae_dithmenos_through_a_glass_darkly,
          overflow_temple_1_default, st_stairs_9
D:8:      uniq_joseph, uniq_pikel, uniq_maurice, uniq_erica
D:9:      zin_statuary, minmay_lair_entry_grove, orc_0_dummy,
          blue_anna_alchemist
D:10:     serial_glass, glass_columns_b, glass_columns_b
D:11:     lightli_bailey_entry_fortress, minivault_7
D:13:     david_vaults_4
D:14:     nicolae_benzene_ring
D:15:     grunt_enter_depths_magical_seal
Lair:2:   regret_index_tunnel_blossom, spider_nest_entry_funnel_web,
          minmay_hedge_maze, zaba_antful_of_joy, uniq_sonja, uniq_harold
Lair:3:   minmay_shoals_entry_beasts, enter_volcano_3
Lair:4:   onia_ninara_swampy_vault, grunt_megastairs_5
Lair:5:   st_stairs_11
Lair:6:   hangedman_lair_in_review, minmay_slime_entry_oklob_enclosed,
          lab_entry_generic
Shoals:1: st_sunken_huts
Shoals:2: yaktaur_hedge
Shoals:3: uniq_louise, uniq_polyphemus
Shoals:4: shoals_end_simple, shoal_ilsuiw, hangedman_shoal_volcano
Orc:2:    st_orc_rangers, portal_ice_cave_rime, serial_shops, shop,
          uniq_saint_roka, uniq_josephine, uniq_snorg
Vaults:1: nicolae_vaults_quadrants, nicolae_vaults_diagonal_hallway_7,
          vaults_room_fancy_cross, nicolae_vaults_mini_display_case,
          v_alt_pattern_2, nicolae_vaults_what_the_h, ontoclasm_vaults_gateway,
          nicolae_vaults_little_squares_5, serial_shops, shop
Vaults:2: hangedman_vaults_river_flow, v_misc_19, vaults_mumra_hex,
          hangedman_vaults_cutoff, nicolae_vaults_triangles, v_alt_pattern_2,
          ontoclasm_vaults_fault, vaults_room_pools, ontoclasm_vaults_pinch,
          v_misc_15, vaults_dpeg_doors, serial_shops, shop
Vaults:3: v_misc_11, minmay_crypt_entry_simple_corners,
          hangedman_vaults_capsules, v_misc_27,
          nicolae_vaults_inception_corners, ontoclasm_vaults_chip, v_pattern_4,
          v_misc_19, vaults_room_grid, nicolae_vaults_circle_grid_a,
          nicolae_vaults_little_squares_6, nicolae_vaults_rhombus_5,
          serial_shops, shop, uniq_boris, uniq_mennas, uniq_donald
Vaults:4: v_rooms_5, nicolae_vaults_angled_halls, hangedman_vaults_restitches,
          hangedman_vaults_slice, vaults_room_large_hall, v_misc_27, v_misc_13,
          nicolae_vaults_diagonal_hallway_7, vaults_dpeg_ring,
          vaults_room_mumra_shop_pool, v_misc_32,
          nicolae_vaults_fighting_squares, serial_ice_m, vaults_dpeg_hooks
Depths:1: ziggurat_fallback, serial_shops, shop, minmay_misc_feat_four_crosses,
          pan_entry, lightli_too_deep, kennysheep_nub,
          nicolae_transmutations_shop, uniq_mara
Abyss:2:  evilmike_abyss_exit_kraken
Lab:      nicolae_lab_stuck
Bailey:   bailey_polearm_1, bailey

Skill      XL: |  1  2  3  4  5  6  7  8  9 10 11 12 13 14 15 16 17 18 19 20 |
---------------+-------------------------------------------------------------+-----
Maces & Flails | 2 3 4 5 7 8 9 10 11 12 13 14 15 16 | 16.1
Throwing       | 1 2 3 4 5 6 |  6.7
Evocations     | 1 3 5 7 9 10 | 10.7
Dodging        | 1 2 3 5 6 7 8 9 10 | 10.2
Fighting       | 4 6 7 8 9 10 11 12 13 14 15 | 15.3
Armour         | 3 4 5 7 8 9 10 | 10.5
Shields        | 3 4 5 7 8 9 10 | 10.5
Spellcasting   | 1 3 7 10 11 12 | 12.2
Air Magic      | 3 5 6 |  6.0
Charms         | 3 5 6 |  6.0

Action                   |  1- 3 |  4- 6 |  7- 9 | 10-12 | 13-15 | 16-18 | 19-21 || total
-------------------------+-------+-------+-------+-------+-------+-------+-------++-------
Melee: Flail             |   181 |   210 |   772 |   496 |       |       |       ||  1659
       Morningstar       |       |       |       |   484 |       |       |       ||   484
       Demon whip        |       |       |       |   513 |  1825 |  1974 |   219 ||  4531
       Eveningstar       |       |       |       |       |       |       |   677 ||   677
Throw: Javelin           |       |     5 |    21 |    19 |     4 |    24 |     2 ||    75
 Cast: Swiftness         |       |       |       |       |       |     1 |     1 ||     2
Invok: Call Merchant     |       |       |     1 |     1 |     2 |       |       ||     4
       Potion Petition   |       |       |       |     1 |     1 |     5 |     2 ||     9
 Abil: Evoke Invisibilit |       |       |       |     9 |    18 |    33 |    19 ||    79
Evoke: Wand              |       |    12 |    14 |    24 |     4 |     2 |       ||    56
  Use: Scroll            |       |     3 |    10 |     7 |    10 |     8 |     4 ||    42
 Stab: Confused          |       |     3 |     8 |     3 |       |       |       ||    14
       Distracted        |       |       |     1 |     2 |    10 |     5 |     6 ||    24
       Invisible         |       |       |       |    19 |    43 |   109 |    41 ||   212
       Paralysed         |       |       |       |    13 |       |       |       ||    13
       Petrified         |       |       |       |       |     3 |     3 |       ||     6
       Sleeping          |       |       |       |       |     1 |       |       ||     1
Armor: Scale mail        |    36 |       |       |       |    75 |   359 |   162 ||   632
       Ring mail         |    92 |    10 |       |       |       |       |       ||   102
       Chain mail        |       |   124 |       |       |       |       |       ||   124
       Plate armour      |       |       |   391 |   837 |   386 |       |       ||  1614
Dodge: Dodged            |    79 |    45 |   142 |   260 |   458 |   615 |   296 ||  1895
Block: Shield            |   122 |   128 |   280 |   616 |   719 |   619 |   359 ||  2843
       Large shield      |       |       |       |       |       |   233 |       ||   233

Table legend:
 A = Spawn XP
 B = Non-spawn XP
 C = Spawn XP percentage of total XP
 D = Spawn monster count
 E = Non-spawn monster count
 F = Spawn count percentage of total count
 G = Total turns spent on level
                    A         B        C        D         E        F      G
               +---------+---------+-------+---------+---------+-------+---------
         Total |       0 |  513785 |   0.0 |       0 |    1456 |   0.0 | 51525
               +---------+---------+-------+---------+---------+-------+---------
           D:1 |       0 |      27 |   0.0 |       0 |      16 |   0.0 |   799
           D:2 |       0 |     196 |   0.0 |       0 |      23 |   0.0 |  2497
           D:3 |       0 |     194 |   0.0 |       0 |      31 |   0.0 |  1415
           D:4 |       0 |     539 |   0.0 |       0 |      19 |   0.0 |  1341
           D:5 |       0 |     657 |   0.0 |       0 |      20 |   0.0 |  1337
           D:6 |       0 |    1322 |   0.0 |       0 |      31 |   0.0 |  1329
           D:7 |       0 |    1174 |   0.0 |       0 |      19 |   0.0 |   920
           D:8 |       0 |    5392 |   0.0 |       0 |      40 |   0.0 |  2691
           D:9 |       0 |    7348 |   0.0 |       0 |      79 |   0.0 |  3063
          D:10 |       0 |    3889 |   0.0 |       0 |      25 |   0.0 |   913
          D:11 |       0 |    5141 |   0.0 |       0 |      58 |   0.0 |  1189
          D:12 |       0 |    5139 |   0.0 |       0 |      27 |   0.0 |   730
          D:13 |       0 |    7016 |   0.0 |       0 |      22 |   0.0 |  1026
          D:14 |       0 |   11676 |   0.0 |       0 |      38 |   0.0 |   949
          D:15 |       0 |   31738 |   0.0 |       0 |      54 |   0.0 |  1484
        Lair:1 |       0 |    2145 |   0.0 |       0 |      10 |   0.0 |  1912
        Lair:2 |       0 |   17484 |   0.0 |       0 |     101 |   0.0 |  2731
        Lair:3 |       0 |    7300 |   0.0 |       0 |      28 |   0.0 |  1368
        Lair:4 |       0 |    9592 |   0.0 |       0 |      31 |   0.0 |  1255
        Lair:5 |       0 |    4994 |   0.0 |       0 |      20 |   0.0 |   998
        Lair:6 |       0 |   21444 |   0.0 |       0 |      61 |   0.0 |  1912
      Shoals:1 |       0 |   15816 |   0.0 |       0 |      33 |   0.0 |  1074
      Shoals:2 |       0 |   21357 |   0.0 |       0 |      44 |   0.0 |  1371
      Shoals:3 |       0 |   15769 |   0.0 |       0 |      25 |   0.0 |  1422
      Shoals:4 |       0 |   46064 |   0.0 |       0 |      81 |   0.0 |  2370
         Orc:1 |       0 |    5747 |   0.0 |       0 |      30 |   0.0 |  1520
         Orc:2 |       0 |   11939 |   0.0 |       0 |      86 |   0.0 |  1628
      Vaults:1 |       0 |   62027 |   0.0 |       0 |     105 |   0.0 |  2553
      Vaults:2 |       0 |   60476 |   0.0 |       0 |      91 |   0.0 |  2184
      Vaults:3 |       0 |   56988 |   0.0 |       0 |      86 |   0.0 |  2470
      Vaults:4 |       0 |   61605 |   0.0 |       0 |     100 |   0.0 |  1689
      Depths:1 |       0 |   10053 |   0.0 |       0 |      10 |   0.0 |   635
           Lab |       0 |    1111 |   0.0 |       0 |       1 |   0.0 |   382
        Bailey |       0 |     426 |   0.0 |       0 |      11 |   0.0 |   348
               +---------+---------+-------+---------+---------+-------+---------
